 Dungeon Crawl Stone Soup version 0.27-a0-604-g29a88b33a7 (webtiles) character file.

Game seed: 2367659924818889285

316 Lanoc the Sneak (level 6, -3/48 HPs)
             Began as a Human Brigand on Mar 12, 2021.
             Slain by an orc
             ... wielding a +0 flail
              (4 damage)
             ... on level 2 of the Dungeon.
             The game lasted 00:03:06 (2637 turns).

Lanoc the Sneak (Human Brigand)                     Turns: 2637, Time: 00:03:07

Health: -3/48      AC:  3    Str: 12    XL:     6   Next: 73%
Magic:  6/6        EV: 13    Int: 11    God:
Gold:   48         SH:  5    Dex: 16    Spells: 5/5 levels left

rFire    . . .     SeeInvis .   a - +2 dagger
rCold    . . .     Faith    .   (no shield)
rNeg     . . .     Spirit   .   b - +0 robe
rPois    .         Reflect  +   (no helmet)
rElec    .         Harm     .   c - +0 cloak
rCorr    .         Rampage  .   (no gloves)
Will     .....                  (no boots)
Stlth    +++.......             k - amulet of reflection
HPRegen  0.16/turn              (no ring)
MPRegen  0.10/turn              (no ring)

@: no status effects
A: no striking features
a: no special abilities


You were on level 2 of the Dungeon.
You visited 1 branch of the dungeon, and saw 3 of its levels.

You collected 48 gold pieces.

Inventory:

Hand Weapons
 a - a +2 dagger (weapon)
Missiles
 e - 2 curare-tipped darts
 l - 7 poisoned darts (quivered)
Armour
 b - a +0 robe (worn)
 c - a +0 cloak (worn)
Jewellery
 k - an amulet of reflection (around neck)
Scrolls
 g - a scroll of blinking {unknown}
 i - a scroll of fear {unknown}
 j - 2 scrolls of identify {unknown}
 m - a scroll of fog {unknown}
 o - a scroll of teleportation {unknown}
Potions
 d - a potion of flight {unknown}
 f - a potion of magic {unknown}
 h - 2 potions of mutation {unknown}
 n - a potion of heal wounds {unknown}


   Skills:
 + Level 4.1 Fighting
 - Level 2.0 Short Blades
 - Level 2.0 Throwing
 + Level 3.6 Dodging
 + Level 5.6 Stealth


You had 5 spell levels left.
You didn't know any spells.
Your spell library was empty.

Dungeon Overview and Level Annotations

Branches:
Dungeon (3/15)

Altars:


Message History

You see here a +0 club.
Throw: 8 darts (poison)
Press: ? - help, Q - select action, (/) - cycle Shift-Dir - straight line, f - orc
Aim: an orc, wielding a +0 mace (63% to hit)
You throw a poisoned dart. The poisoned dart hits the orc.
The orc is poisoned.
You hit the orc.
The orc is lightly wounded.
The orc barely misses you.
You hit the orc.
You kill the orc!
You hit the orc but do no damage. The orc barely misses you.
You hit the orc.
The orc is almost dead.
The orc hits you with a +0 flail.
* * * LOW HITPOINT WARNING * * *
You barely miss the orc.
The orc is almost dead.
You hit the orc but do no damage.
The orc is almost dead.
You block the orc's attack.
You hit the orc but do no damage.
The orc is almost dead.
The orc hits you with a +0 flail.
* * * LOW HITPOINT WARNING * * *
You barely miss the orc.
The orc is almost dead.
The orc hits you with a +0 flail.
* * * LOW HITPOINT WARNING * * *
You closely miss the orc.
The orc is almost dead.
You closely miss the orc.
The orc is almost dead.
The orc closely misses you.
You closely miss the orc.
The orc is almost dead.
The orc hits you but does no damage.
You closely miss the orc.
The orc is severely wounded.
The orc hits you with a +0 flail.
You die...

.##########'#####)#'### #..##.#
.............# #)#.#######..##..
.#####.......# #.#.#........##..
.............# #.#.#.##.....##..
######.......# #.#.#.##......#..
.....#.......# #.#.#.##......#..
.............# #.#.#.##......#..
.............####.#.#.##.##'#....
รท........).)..(o@.#.#.##.##.#....
.......############.#.##.##.#....
......###...........#.##.##.#.#..
......# #.#..########.##.##.#....
####### #.#..#......#.##.##.####.
########.#..#.####.#.##.##.####.
#........#..#.####.#.##.##......
#.....[..#..#.........#.##......
#........#..######.#..#.........


You could see an orc.

Vanquished Creatures
  Sigmund (D:2)
  Natasha (thrice) (D:2)
  Robin (D:2)
  3 adders (D:2)
  2 worms (D:2)
  A leopard gecko (D:2)
  2 orcs (D:2)
  3 bats (D:2)
  9 goblins (D:2)
  4 hobgoblins
  4 jackals (D:2)
  A quokka (D:2)
  A frilled lizard (D:2)
  3 kobolds
  5 rats
43 creatures vanquished.

Notes
Turn   | Place    | Note
-------+----------+-------------------------------------------
     0 | D:1      | Lanoc the Human Brigand began the quest for the Orb.
     0 | D:1      | Reached XP level 1. HP: 16/16 MP: 1/1
   234 | D:2      | Reached XP level 2. HP: 23/23 MP: 2/2
   288 | D:2      | Reached XP level 3. HP: 13/28 MP: 3/3
   537 | D:2      | Noticed Sigmund
   563 | D:2      | Killed Sigmund
   564 | D:2      | Reached skill level 5 in Stealth
   564 | D:2      | Reached XP level 4. HP: 27/35 MP: 4/4
   564 | D:2      | Reached XP level 5. HP: 31/41 MP: 5/5
   703 | D:2      | Reached XP level 6. HP: 21/48 MP: 6/6
  1105 | D:2      | Noticed Natasha
  1114 | D:2      | Killed Natasha
  1361 | D:2      | Noticed Robin
  1388 | D:2      | Killed Robin
  1688 | D:2      | Noticed Natasha
  1708 | D:2      | Killed Natasha
  1856 | D:2      | Noticed Natasha
  1874 | D:2      | Killed Natasha
  2633 | D:2      | HP: 1/48 [orc/+0 flail (6)]
  2637 | D:2      | Slain by an orc

Illustrated notes

Levels and vault maps discovered:
D:1:      nagdon_arrival_zigzag_paths, layout_rooms, item_on_display_a
D:2:      layout_basic, uniq_natasha, uniq_robin, uniq_sigmund
D:3:      layout_rooms, amethyst_overflow_temple_binary,
          biasface_ghost_orc_armoury, serial_forest, infiniplex_forest_end_3,
          infiniplex_forest_clump_curved, infiniplex_forest_zigzag_2,
          infiniplex_forest_clump_cross, kennysheep_pointless_box

Skill      XL: |  1  2  3  4  5  6 |
---------------+-------------------+-----
Fighting       | 3 4 |  4.1
Dodging        | 3 |  3.6
Stealth        | 5 |  5.6
Short Blades   | |  2.0
Throwing       | |  2.0

Action                   |  1- 3 |  4- 6 || total
-------------------------+-------+-------++-------
Melee: Dagger            |    49 |   167 ||   216
Throw: Dart              |     5 |    17 ||    22
 Stab: Sleeping          |     2 |     1 ||     3
Armor: Robe              |    16 |    29 ||    45
Dodge: Dodged            |    26 |    96 ||   122
Block: Other             |       |    13 ||    13

Table legend: (Time is in decaauts)
 A = Elapsed time spent in this place.
 B = Non-inter-level travel time spent in this place.
 C = Inter-level travel time spent in this place.
 D = Time resting spent in this place.
 E = Time spent auto-exploring this place.
 F = Levels seen in this place.
 G = Mean time per level.
                   A        B        C        D        E       F      G
               +--------+--------+--------+--------+--------+-----+--------+
         Total |   2621 |   2590 |     31 |      0 |   2164 |   3 |  873.7 |
       Dungeon |   2621 |   2590 |     31 |      0 |   2164 |   3 |  873.7 |
               +--------+--------+--------+--------+--------+-----+--------+

Top non-repeatable levels by time:
     D:2: 2404 daAuts
     D:1: 209 daAuts
     D:3: 7 daAuts
